 Dungeon Crawl Stone Soup version 0.26-a0-53-g45f243fec8 (webtiles) character file.

Game seed: 4256821059074031411

1 MarredHen the Stinger (level 1, -3/13 HPs)
             Began as a Gnoll Venom Mage on June 7, 2020.
             Was a Follower of Wu Jian.
             Slain by a howler monkey zombie (4 damage)
             ... on level 2 of the Dungeon.
             The game lasted 00:00:25 (122 turns).

MarredHen the Stinger (Gnoll Venom Mage)             Turns: 122, Time: 00:00:26

Health: -3/13      AC:  2    Str: 10    XL:     1   Next: 20%
Magic:  6/6        EV: 14    Int: 17    God:    Wu Jian [*.....]
Gold:   0          SH:  0    Dex: 15    Spells: 8/9 levels left

rFire    . . .     SeeInvis .   (no weapon)
rCold    . . .     Gourm    .   (no shield)
rNeg     . . .     Faith    .   a - +0 robe
rPois    .         Spirit   .   (no helmet)
rElec    .         Reflect  .   (no cloak)
rCorr    .         Harm     .   (no gloves)
MR       .....                  (no boots)
Stlth    +++.......             (no amulet)
HPRegen  0.04/turn              (no ring)
MPRegen  0.10/turn              (no ring)

@: no status effects
A: distributed training, fangs 1, strong nose
a: Renounce Religion


You were on level 2 of the Dungeon.
You worshipped Wu Jian.
Wu Jian was aware of your devotion.
You were not hungry.

You visited 1 branch of the dungeon, and saw 2 of its levels.

Inventory:

Armour
 a - a +0 robe (worn)
Comestibles
 c - a ration


   Skills:
 + Level 0.0 Fighting
 + Level 0.0 Short Blades
 + Level 0.0 Long Blades
 + Level 0.0 Axes
 + Level 0.0 Maces & Flails
 + Level 0.0 Polearms
 + Level 0.0 Staves
 + Level 0.0 Slings
 + Level 0.0 Bows
 + Level 0.0 Crossbows
 + Level 0.0 Throwing
 + Level 0.0 Armour
 + Level 4.4 Dodging
 + Level 4.0 Stealth
 + Level 0.0 Shields
 + Level 0.0 Unarmed Combat
 + Level 4.8 Spellcasting
 + Level 0.0 Conjurations
 + Level 0.0 Hexes
 + Level 0.0 Charms
 + Level 0.0 Summonings
 + Level 0.0 Necromancy
 + Level 0.0 Translocations
 + Level 1.9 Transmutations
 + Level 0.0 Fire Magic
 + Level 0.0 Ice Magic
 + Level 0.0 Air Magic
 + Level 0.0 Earth Magic
 + Level 5.3 Poison Magic
 + Level 0.0 Invocations
 + Level 0.0 Evocations


You had 8 spell levels left.
You knew the following spells:

 Your Spells              Type           Power        Failure   Level  Hunger
a - Sting                 Tmut/Pois      ###.         3%          1    None

Your spell library contained the following spells:

 Spells                   Type           Power        Failure   Level  Hunger
 Poisonous Vapours        Pois/Air       ##....       8%          2    #......
 Ignite Poison            Fire/Tmut/Pois ##......     16%         3    ###....
 Olgreb's Toxic Radiance  Pois           ###.....     16%         4    ####...
 Mephitic Cloud           Conj/Pois/Air  ##......     22%         3    ###....


Dungeon Overview and Level Annotations

Branches:
Dungeon (1/15)

Altars:
Wu Jian


Innate Abilities, Weirdness & Mutations

Your experience applies equally to all skills.
You have very sharp teeth.
Your uncanny sense of smell can sniff out nearby items.


Message History

The howler monkey zombie closely misses you.
The howler monkey zombie closely misses you.
The howler monkey zombie hits you.
The howler monkey zombie completely misses you.
The howler monkey zombie hits you. The howler monkey zombie misses you.
The howler monkey zombie hits you.
The howler monkey zombie barely misses you.
The howler monkey zombie misses you.
The howler monkey zombie closely misses you.
The howler monkey zombie closely misses you.
The howler monkey zombie misses you.
The howler monkey zombie hits you but does no damage.
The howler monkey zombie closely misses you.
The howler monkey zombie hits you.
* * * LOW HITPOINT WARNING * * *
The howler monkey zombie misses you.
The howler monkey zombie barely misses you.
The howler monkey zombie hits you.
You die...

#...# #.#.#
##.#.# #...>
.'. # #'# #.
##Z## ##.
##.8@##
#..##.....#
#.##...+...#
#.#...#+#...#
#.'8.##.##.8+
#.#.##...##.#
#.###.....###
#.##..#.#..##
#.#..##.....#


You could see a howler monkey zombie.

Vanquished Creatures
  A hobgoblin (D:2)
1 creature vanquished.

Notes
Turn   | Place    | Note
-------+----------+-------------------------------------------
     0 | D:1      | MarredHen the Gnoll Venom Mage began the quest for the Orb.
     0 | D:1      | Reached XP level 1. HP: 13/13 MP: 6/6
    11 | D:1      | You fall into a shaft and drop 1 floor!
    30 | D:2      | Found a faded altar of an unknown god.
    64 | D:2      | Became a worshipper of the Wu Jian Council
    64 | D:2      | Reached * piety under Wu Jian
   122 | D:2      | Slain by a howler monkey zombie

Illustrated notes

Levels and vault maps discovered:
D:1:      saegor_arrival_simple_b, layout_loops_corners, st_stairs_10,
          hangedman_decor_riveting, minmay_misc_feat_plants, due_unseen_surprise
D:2:      layout_basic, dancing_weapons_uskayaw, serial_forest,
          infiniplex_forest_clump_medium, infiniplex_forest_end_2,
          infiniplex_forest_clump_long, infiniplex_forest_straight_4,
          infiniplex_forest_clump_curved, infiniplex_forest_end_double,
          chequers_ecumenical_altar_twisty, grunt_decor_arrowhead, minivault_24,
          lemuel_another_geyser, uniq_natasha

Action                   || total
-------------------------++-------
 Cast: Sting             ||     3
Armor: Robe              ||     1
Dodge: Dodged            ||    15

Table legend:
 A = Non-vault XP
 B = Vault XP
 C = Vault XP percentage of total XP
 D = Non-vault monster count
 E = Vault monster count
 F = Vault count percentage of total count
                 A         B        C        D         E       F
            +---------+---------+-------+---------+---------+-------
      Total |       2 |       0 |   0.0 |       1 |       0 |   0.0
            +---------+---------+-------+---------+---------+-------
        D:2 |       2 |       0 |   0.0 |       1 |       0 |   0.0
            +---------+---------+-------+---------+---------+-------
